 Dungeon Crawl Stone Soup version 0.30.1-11-g7821555f0a (webtiles) character file.

Game seed: 10139997806236315627

577 Queen the Ruffian (level 7, -4/56 HPs)
             Began as a White Draconian Transmuter on Nov 12, 2023.
             Was a Follower of Qazlal.
             Slain by a hornet zombie (8 damage)
             ... in an ossuary.
             The game lasted 00:12:47 (3772 turns).

Queen the Ruffian (White Draconian Transmuter)      Turns: 3772, Time: 00:12:47

Health: -4/56      AC:  2    Str: 12    XL:     7   Next: 13%
Magic:  9/12       EV: 20    Int: 16    God:    Qazlal [*.....]
Gold:   238        SH:  1    Dex: 16    Spells: 7/13 levels left

rFire   . .          .
                       - Unarmed
rCold   + . .        (shield currently unavailable)
rNeg    . . .        (body armour unavailable)
rPois   x            (helmet currently unavailable)
rElec   .            (cloak currently unavailable)
rCorr   .            (gloves currently unavailable)
SInv    +            (boots currently unavailable)
Will    .....        m - amulet of faith
Stlth   ++           e - ring of see invisible
HPRegen 0.29/turn    g - ring of protection from cold
MPRegen 0.13/turn

%: faith
@: short of breath, spider-form
A: venomous fangs, (breathe frost), AC +6, tiny, unfitting armour, (cold
resistance 1), (cold-blooded)
a: End Transformation, Renounce Religion


You were in an ossuary.
You worshipped Qazlal.
Qazlal was aware of your devotion.
You were a venomous arachnid creature.
You visited 2 branches of the dungeon, and saw 6 of its levels.
You also visited: Ossuary.

You collected 238 gold pieces.

Inventory:

Missiles
 r - 3 atropa-tipped darts
Jewellery
 e - a ring of see invisible (left front pincers)
 g - a ring of protection from cold (right front pincers)
 m - an amulet of faith (around neck)
Scrolls
 a - a scroll of blinking {unknown}
 b - a scroll of summoning {unknown}
 c - a scroll of magic mapping {unknown}
 h - a scroll of enchant armour {unknown}
 i - a scroll of brand weapon {unknown}
 j - a scroll of teleportation
 k - 2 scrolls of fog {unknown}
 p - a scroll of identify
Potions
 d - 2 potions of curing
 f - 2 potions of flight
 l - a potion of haste {unknown}
 n - a potion of mutation {unknown}
 o - a potion of brilliance {unknown}
 q - a potion of degeneration {unknown}


   Skills:
 + Level 2.4 Fighting
 + Level 3.0 Dodging
 - Level 0.9 Stealth
 + Level 5.2 Unarmed Combat
 + Level 3.6 Spellcasting
 + Level 4.1 Transmutations
 + Level 0.2 Ice Magic
 - Level 0.1 Poison Magic
 + Level 0.2 Invocations


You had 7 spell levels left.
You knew the following spells:

 Your Spells              Type           Power      Damage    Failure   Level
a - Beastly Appendage     Tmut           32%        N/A       11%         1
b - Wereblood             Tmut           16%        N/A       14%         2
c - Spider Form           Tmut/Pois      9%         N/A       43%         3

Your spell library contained the following spells:

 Spells                   Type           Power      Damage    Failure   Level
 Apportation              Tloc           4%         N/A       38%         1
 Shock                    Conj/Air       8%         1d3       38%         1
 Blink                    Tloc           4%         N/A       47%         2
 Lesser Beckoning         Tloc           4%         N/A       47%         2
 Momentum Strike          Conj/Tloc      4%         3d8       47%         2
 Swiftness                Air            2%         N/A       69%         3
 Ice Form                 Ice/Tmut       9%         N/A       77%         4
 Airstrike                Air            1%         2d(1-17)  96%         4
 Alistair's Intoxication  Tmut/Pois      6%         N/A       97%         5


Dungeon Overview and Level Annotations

Branches:
Dungeon (5/15)             Temple (1/1) D:4         Ossuary (1/1)

Altars:
Cheibriados
Elyvilon
Gozag
Kikubaaqudgha
Nemelex Xobeh
Okawaru
Qazlal
Zin

Shops:
D:1 [

Annotations:
D:2 1 runed translucent door, exclusions: door and downstairs, Crazy Yiuf


Innate Abilities, Weirdness & Mutations

You are a venomous arachnid creature.
You have venomous fangs.
You are tiny and dextrous.
Your spellcasting is less reliable in this form.
Your armour is entirely melded.
You are incapable of wielding weapons or throwing items.
((You can breathe waves of freezing cold which knock back foes.))
((Your icy white scales are hard. (AC +6)))
You cannot fit into any form of body armour.
((Your flesh is cold resistant. (rC+)))
((You are cold-blooded and may be slowed by cold attacks.))


Message History

You hit the hornet zombie. Your kick misses the hornet zombie.
You headbutt the hornet zombie, but do no damage.
You tail-slap the hornet zombie.
The hornet zombie is moderately damaged.
The hornet zombie hits you but does no damage.
You closely miss the hornet zombie. You claw the hornet zombie.
The hornet zombie is moderately damaged.
The hornet zombie misses you.
You closely miss the hornet zombie.
The hornet zombie is moderately damaged.
The hornet zombie hits you! The hornet zombie hits you.
A water moccasin zombie comes into view.
You hit the hornet zombie but do no damage.
The hornet zombie is moderately damaged.
The hornet zombie hits you.
You closely miss the hornet zombie. You claw the hornet zombie.
The hornet zombie is heavily damaged.
The hornet zombie hits you.
You barely miss the hornet zombie.
You claw the hornet zombie, but do no damage.
The hornet zombie is heavily damaged.
The hornet zombie hits you!
You closely miss the hornet zombie.
You claw the hornet zombie, but do no damage.
The hornet zombie is heavily damaged.
The hornet zombie barely misses you.
Casting: Beastly Appendage (safe; 3% risk of failure)
Confirm with . or Enter, or press ? or * to list all spells.
Your horns disappear.
Your talons disappear.
You turn into a venomous arachnid creature.
The hornet zombie hits you. The hornet zombie hits you!
* * * LOW HITPOINT WARNING * * *
You barely miss the hornet zombie.
The hornet zombie is heavily damaged.
The hornet zombie hits you.
* * * LOW HITPOINT WARNING * * *
You barely miss the hornet zombie.
The hornet zombie is heavily damaged.
The hornet zombie hits you!
You die...

# ≈ P#≈≈
##### ~~~≈#
#∩.s#~ZM~#
#.∩.Z~M#
#...#~..~#
#####~#~#≈≈
~ ≈# ~# ≈#
# #


You could see a bog mummy and a hornet zombie.

Vanquished Creatures
  2 ogres (D:4)
  Blork the orc (D:4)
  A jelly (D:4)
  2 hounds (D:4)
  2 iguanas (D:4)
  3 orc wizards
  4 adders
  3 dart slugs
  9 orcs
  6 bats
  7 endoplasms
  A giant cockroach (D:3)
  7 goblins
  4 hobgoblins
  4 jackals (D:1)
  4 quokkas
  7 ball pythons
  2 frilled lizards
  5 kobolds
  2 rats
76 creatures vanquished.

Notes
Turn   | Place    | Note
-------+----------+-------------------------------------------
     0 | D:1      | Queen the Draconian Transmuter began the quest for the Orb.
     0 | D:1      | Reached XP level 1. HP: 16/16 MP: 3/3
   144 | D:1      | Found Wuful's Antique Armour Shoppe.
   313 | D:1      | Found a faded altar of an unknown god.
   332 | D:1      | Prayed at the altar of an unknown god.
   363 | D:1      | Reached XP level 2. HP: 20/23 MP: 3/5
   603 | D:1      | Learned a level 2 spell: Wereblood
  1208 | D:2      | Found a runed translucent door.
  1209 | D:2      | Noticed Crazy Yiuf
  1304 | D:2      | Reached XP level 3. HP: 28/28 MP: 4/6
  1884 | D:2      | Reached XP level 4. HP: 30/35 MP: 5/7
  2031 | D:3      | Learned a level 3 spell: Spider Form
  2233 | D:3      | Reached skill level 4 in Unarmed Combat
  2342 | D:3      | Reached XP level 5. HP: 38/40 MP: 7/9
  2554 | D:4      | Found a staircase to the Ecumenical Temple.
  2571 | Temple   | Entered the Ecumenical Temple
  2590 | Temple   | Became a worshipper of Qazlal Stormbringer
  3002 | D:4      | Reached XP level 6. HP: 44/48 MP: 10/10
  3173 | D:4      | Noticed Blork the orc
  3193 | D:4      | Killed Blork the orc
  3374 | D:4      | Reached skill level 5 in Unarmed Combat
  3374 | D:4      | Your scales start taking on an icy white colour.
  3374 | D:4      | Reached XP level 7. HP: 56/56 MP: 9/12
  3374 | D:4      | Gained mutation: Your flesh is cold resistant. (rC+) [White
                  | Draconian growth]
  3496 | D:4      | Reached * piety under Qazlal
  3731 | D:5      | Entered Level 5 of the Dungeon
  3745 | D:5      | Found a sand-covered staircase.
  3753 | Ossuary  | Entered an ossuary
  3772 | Ossuary  | Slain by a hornet zombie

Illustrated notes

Levels and vault maps discovered:
D:1:      co_arrival_hall_of_pillars, layout_basic, serial_aquarium,
          aquarium_bridge_square [aquarium_subvault_bridge,
          aquarium_subvault_bridge, aquarium_subvault_bridge,
          aquarium_subvault_wall], aquarium_bridge_square
          [aquarium_subvault_wall, aquarium_subvault_wall,
          aquarium_subvault_wall, aquarium_subvault_bridge],
          aquarium_window_fake, aquarium_window_fake, aquarium_window_fake,
          aquarium_view_2c, aquarium_balcony_double_1,
          nicolae_ecumenical_snake_handling, serial_shops, shop
D:2:      layout_rooms, uniq_crazy_yiuf_cottage
D:3:      layout_basic, grunt_ministairs_10, kennysheep_generic_room_10
D:4:      cheibrodos_helix_gallery, layout_basic, minmay_temple_entry_junction,
          minmay_misc_feat_four_crosses, uniq_blork_the_orc
D:5:      corexii_shantytown, layout_basic, lemuel_round_altar, enter_ossuary_1,
          uniq_sigmund, uniq_grinder
Temple:   eino_temple_scatter_basement
Ossuary:  ossuary_zaba_flooded

Skill      XL: |  1  2  3  4  5  6 |
---------------+-------------------+-----
Dodging        | 2 3 |  3.0
Transmutations | 3 4 |  4.1
Unarmed Combat | 4 5 |  5.2
Spellcasting   | 3 |  3.6
Fighting       | 2 |  2.4
Stealth        | |  0.9
Ice Magic      | |  0.2
Poison Magic   | |  0.1
Invocations    | |  0.2

Action                     |  1- 3 |  4- 6 |  7- 9 || total
---------------------------+-------+-------+-------++-------
  Melee: Unarmed           |    86 |   122 |    18 ||   226
         Kick              |    18 |    19 |     6 ||    43
         Tailslap          |     5 |     9 |     3 ||    17
         Headbutt          |    15 |     9 |     2 ||    26
         Punch             |     1 |     3 |       ||     4
   Cast: Beastly Appendage |    24 |    22 |     3 ||    49
         Wereblood         |     2 |     2 |       ||     4
         Spider Form       |       |     2 |     1 ||     3
Ability: Breathe Frost     |       |       |     4 ||     4
    Use: Scroll            |       |     3 |       ||     3
         Potion            |       |     2 |       ||     2
   Stab: Sleeping          |     1 |       |       ||     1
 Armour: Skin              |    20 |    32 |     4 ||    56
  Dodge: Dodged            |    62 |    61 |     4 ||   127
  Block: Other             |       |       |     1 ||     1
